 Dungeon Crawl Stone Soup version 0.29.1-2-gbd0b4ee654 (webtiles) character file.

Game seed: 12114815924467796620

39 hawla the Chiller (level 3, -9/26 HPs)
             Began as a Meteoran Ice Elementalist on Dec 1, 2022.
             Mangled by Blork the orc
             ... wielding a +0 glaive
              (15 damage)
             ... on level 4 of the Dungeon.
             The game lasted 00:02:35 (270 turns).

hawla the Chiller (Meteoran Ice Elementalist)        Turns: 270, Time: 00:02:36

Health: -9/26      AC:  2    Str:  9    XL:     3   Next: 94%
Magic:  8/8        EV: 12    Int: 19    God:
Gold:   36         SH:  0    Dex: 14    Spells: 4/8 levels left

rFire   . . .      SeeInvis .   (no weapon)
rCold   . . .      Faith    .   (no shield)
rNeg    . . .      Spirit   .   a - +0 robe
rPois   .          Reflect  .   (no helmet)
rElec   .          Harm     .   (no cloak)
rCorr   .          Rampage  .   (no gloves)
Will    .....                   (no boots)
Stlth   +.........              (no amulet)
HPRegen 0.08/turn               (no ring)
MPRegen 0.11/turn               (no ring)

@: glowing
A: sense surroundings 1, otherworldly, glowing, explore regen
a: no special abilities


You were on level 4 of the Dungeon.
You visited 1 branch of the dungeon, and saw 4 of its levels.

You collected 36 gold pieces.

Inventory:

Armour
 a - a +0 robe (worn)
Potions
 b - a potion of magic


   Skills:
 + Level 2.6 Dodging
 - Level 1.4 Stealth
 + Level 3.0 Spellcasting
 + Level 5.4 Ice Magic


You had 4 spell levels left.
You knew the following spells:

 Your Spells              Type           Power      Damage    Failure   Level
a - Freeze                Ice            92%        1d10      1%          1
b - Frozen Ramparts       Ice            46%        1d7       4%          3

Your spell library contained the following spells:

 Spells                   Type           Power      Damage    Failure   Level
 Ozocubu's Armour         Ice            23%        N/A       4%          3
 Hailstorm                Conj/Ice       13%        3d5       45%         4


Dungeon Overview and Level Annotations

Branches:
Dungeon (4/15) Zot: 2129
 Temple: D:4-7

Altars:

Annotations:
D:3 Ijyb
D:4 Blork the orc


Innate Abilities, Weirdness & Mutations

You passively map a small area around you.
You are easily found by Zot.
You glow in the dark.
You regain HP and MP as you explore.


Message History

As you read the scroll labelled LOSEQEZ EPNOGH, it crumbles to dust.
It is a scroll of identify.
You don't have any unidentified items.
You swap places.
You start waiting.
Your butterfly disappears in a burst of colours!
Magic restored.
Okay, then.
You start waiting.
Your butterfly disappears in a burst of colours! x7
Blork the orc is nearby!
You pace your travel speed to your slowest ally.
Okay, then.
As you read the scroll of butterflies, it crumbles to dust.
You hear the tinkle of a tiny bell.
Your butterfly disappears in a burst of colours! x2
You swap places.
You swap places.
Blork the orc casts a spell.
Blork the orc seems to speed up.
Your butterfly disappears in a burst of colours!
Blork the orc barely misses your butterfly.
You swap places.
Blork the orc misses your butterfly.
Blork the orc closely misses your butterfly.
You swap places.
Blork the orc completely misses your butterfly.
Your butterfly disappears in a burst of colours! x2
Blork the orc barely misses your butterfly.
Blork the orc misses your butterfly.
Your butterfly disappears in a burst of colours! x2
Blork the orc closely misses your butterfly.
Blork the orc barely misses you.
As you read the scroll of butterflies, it crumbles to dust.
You hear the tinkle of a tiny bell.
Blork the orc hits you from afar with a +0 glaive.
* * * LOW HITPOINT WARNING * * *
You swap places.
Blork the orc hits you from afar with a +0 glaive!
Ouch! That really hurt!
You die...

###...# #.....#
......#########.....#
*
...............b....#
, ,
.............b..b...#
,
..........bbbbbbb####
, ..$##..o...bbbb..#
* ~ #........b.bobb#
** * ~
#..........bbb.#
*,,,,
#............b@# , *
#...#.########## * ,,
#######......... * *
* * ................
, .#######........ *
* .## #........ ..#
#........ #.#
#)....... * #.##
#........


You could see Blork the orc (fast, ally target).

Vanquished Creatures
  An iguana (D:4)
  A worm (D:4)
  2 dart slugs
  A goblin (D:1)
  A kobold (D:1)
  2 ball pythons (D:4)
8 creatures vanquished.

Notes
Turn   | Place    | Note
-------+----------+-------------------------------------------
     0 | D:1      | hawla the Meteoran Ice Elementalist began the quest for the
                  | Orb.
     0 | D:1      | Reached XP level 1. HP: 14/14 MP: 5/5
    82 | D:2      | Reached XP level 2. HP: 10/20 MP: 3/6
    88 | D:3      | Noticed Ijyb
   114 | D:4      | Reached skill level 5 in Ice Magic
   114 | D:4      | Reached XP level 3. HP: 10/26 MP: 1/8
   118 | D:4      | Learned a level 3 spell: Frozen Ramparts
   219 | D:4      | Noticed Blork the orc
   270 | D:4      | Mangled by Blork the orc

Illustrated notes

Levels and vault maps discovered:
D:1:      psy_arrival_wood_between_worlds, layout_loops_ring,
          shapermc_ecumenical_altar_ellora, serial_shops,
          nicolae_shop_hallway_plus
D:2:      layout_basic, grunt_ministairs_15, kennysheep_nub, uniq_terence,
          uniq_natasha
D:3:      layout_loops_ring, uniq_ijyb
D:4:      layout_basic, minmay_temple_entry_poolview,
          ebering_ghost_disaster_area, uniq_blork_the_orc

Skill      XL: |  1  2 |
---------------+-------+-----
Spellcasting   | 3 |  3.0
Ice Magic      | 5 |  5.4
Dodging        | |  2.6
Stealth        | |  1.4

Action                   || total
-------------------------++-------
Melee: Unarmed           ||     1
 Cast: Freeze            ||    11
       Frozen Ramparts   ||     3
  Use: Scroll            ||     5
Dodge: Dodged            ||     2
